 Dungeon Crawl Stone Soup version 0.25.1-8-g42b30a86e7 (webtiles) character file.

Game seed: 18148349347538163105

59 H0rd4k the Magician (level 3, 19/19 HPs)
             Began as a Deep Elf Wizard on Dec 22, 2020.
             Quit the game on level 3 of the Dungeon.
             The game lasted 00:04:16 (2297 turns).

H0rd4k the Magician (Deep Elf Wizard)               Turns: 2297, Time: 00:04:17

Health: 19/19      AC:  2    Str:  1 (4)  XL:     3   Next: 78%
Magic:  12/12      EV: 13    Int: 20 (23) God:
Gold:   116        SH:  0    Dex: 12 (13) Spells: 4/13 levels left

rFire    . . .     SeeInvis +   (no weapon)
rCold    + . .     Gourm    .   (no shield)
rNeg     . . .     Faith    .   a - +0 robe
rPois    .         Spirit   .   b - +0 hat
rElec    .         Reflect  .   (no cloak)
rCorr    .         Harm     .   (no gloves)
MR       .....                  (no boots)
Stlth    ++........             (no amulet)
HPRegen  0.06/turn              e - ring of see invisible
MPRegen  0.13/turn              (no ring)

@: no status effects
A: hooves 1, cold resistance 1
a: no special abilities


You were on level 3 of the Dungeon.
You were hungry.

You visited 1 branch of the dungeon, and saw 3 of its levels.

You collected 116 gold pieces.

Inventory:

Armour
 a - a +0 robe (worn)
 b - a +0 hat (worn)
Jewellery
 e - a ring of see invisible (left hand)
Scrolls
 g - 2 scrolls of fear
 h - a scroll of enchant weapon {unknown}
 j - a scroll of teleportation {unknown}
 k - a scroll of immolation {unknown}
 n - a scroll of identify {unknown}
 o - a scroll of blinking {unknown}
 p - 2 scrolls of remove curse {unknown}
 q - a scroll of amnesia {unknown}
Potions
 f - a potion of curing
 i - a potion of brilliance
Comestibles
 d - 3 rations


   Skills:
 + Level 2.9 Dodging
 + Level 3.0 Stealth
 + Level 5.6 Spellcasting
 + Level 1.3 Conjurations
   Level 1.1 Summonings
 + Level 1.1 Translocations
 * Level 0.6 Fire Magic
 * Level 0.3 Air Magic
 * Level 0.4 Poison Magic


You had 4 spell levels left.
You knew the following spells:

 Your Spells              Type           Power        Failure   Level  Hunger
a - Magic Dart            Conj           ##..         6%          1    None
b - Blink                 Tloc           N/A          11%         2    None
c - Conjure Flame         Conj/Fire      #.......     22%         3    ##.....
d - Mephitic Cloud        Conj/Pois/Air  #.......     24%         3    ##.....

Your spell library contained the following spells:

 Spells                   Type           Power        Failure   Level  Hunger
 Call Imp                 Summ           ##......     11%         2    None
 Slow                     Hex            #.......     17%         2    None


Dungeon Overview and Level Annotations

Branches:
Dungeon (3/15)

Altars:
Trog
The Shining One


Innate Abilities, Weirdness & Mutations

You have large cloven feet.
Your flesh is cold resistant. (rC+)


Message History

Unknown command.
Casting: Magic Dart (safe; 6% risk of failure)
Confirm with . or Enter, or press ? or * to list all spells.
Aiming: Magic Dart (safe; 6% risk of failure)
Press: ? - help, Shift-Dir - straight line, f/p - giant cockroach
Aim: a giant cockroach (almost dead)
The magic dart hits the giant cockroach.
You kill the giant cockroach!
Magic restored.
Found 4 poisoned darts.
A goblin comes into view.
Found 12 gold pieces.
You see here 4 poisoned darts.
Quiver which item? (- for none, * to show all) (? for menu, Esc to quit)
Okay, then.
Unknown command.
Saving game... please wait.
Welcome back, H0rd4k the Deep Elf Wizard.
Press ? for a list of commands and other information.
Are you sure you want to abandon this character and quit the game? (Confirm with "yes".)

#.......#... .#
#.......##.# $#
##..#....#.# .#
#..####.#.# g#
#..# #.#.# ##.#
##..# #.#.# #..
#...####.#.# #.#
#........... #@#
#..........#
#(#####..#####.###
#.#..........#.#
#.#.###..###.#.#
#..#.....# #.#
###.###.## ..# #.#
#.# .# #.# #.. #.#
####


You could see a goblin (asleep).

Vanquished Creatures
  An adder (D:2)
  2 oozes
  A worm (D:2)
  A dart slug (D:2)
  An orc (D:3)
  5 bats
  3 giant cockroaches
  3 goblins
  4 hobgoblins
  3 kobolds
  A ball python (D:1)
  6 frilled lizards
  4 rats
35 creatures vanquished.

Notes
Turn   | Place    | Note
-------+----------+-------------------------------------------
     0 | D:1      | H0rd4k the Deep Elf Wizard began the quest for the Orb.
     0 | D:1      | Reached XP level 1. HP: 10/10 MP: 7/7
   256 | D:1      | Reached XP level 2. HP: 15/15 MP: 5/9
   431 | D:1      | Reached skill level 5 in Spellcasting
   964 | D:2      | Reached XP level 3. HP: 19/19 MP: 0/12
   968 | D:2      | Learned a level 2 spell: Blink
   972 | D:2      | Learned a level 3 spell: Conjure Flame
   976 | D:2      | Learned a level 3 spell: Mephitic Cloud
  1423 | D:2      | Found a glowing golden altar of the Shining One.
  1637 | D:2      | Found a bloodstained altar of Trog.
  2006 | D:3      | Gained mutation: Your flesh is cold resistant. (rC+)
                  | [potion of mutation]
  2006 | D:3      | Gained mutation: You have large cloven feet. [potion of
                  | mutation]
  2297 | D:3      | Quit the game

Illustrated notes

Levels and vault maps discovered:
D:1:      minmay_arrival_stone_box, layout_loops_ring
D:2:      layout_rooms, overflow_temple_1_default, trog_book
D:3:      layout_loops_ring, saegor_snake_ambush

Skill      XL: |  1  2  3 |
---------------+----------+-----
Spellcasting   | 5 |  5.6
Stealth        | 3 |  3.0
Dodging        | |  2.9
Conjurations   | |  1.3
Summonings     | |  1.1
Translocations | |  1.1
Fire Magic     | |  0.6
Air Magic      | |  0.3
Poison Magic   | |  0.4

Action                   || total
-------------------------++-------
 Cast: Magic Dart        ||   105
       Blink             ||     6
       Conjure Flame     ||     1
  Use: Potion            ||     6
       Scroll            ||     1
  Eat: Chunk             ||     3
Armor: Robe              ||     7
Dodge: Dodged            ||    18
